 Seeded DCSS version 0.30.1-9-gdf580d7c3d (webtiles) character file.

Game seed: 16588763988186926287 (custom seed)

1423 Psyclone the Thaumaturge (level 8, -2/41 HPs)
             Began as a Deep Elf Conjurer on Sept 24, 2023.
             Was an Initiate of Ashenzari.
             Shot with an arrow by a centaur warrior (15 damage)
             ... on level 7 of the Dungeon.
             The game lasted 00:11:15 (7260 turns).

Psyclone the Thaumaturge (Deep Elf Conjurer)        Turns: 7260, Time: 00:11:15

Health: -2/41      AC:  3    Str:  4    XL:     8   Next: 44%
Magic:  15/22      EV: 12    Int: 32    God:    Ashenzari [......]
Gold:   152        SH:  0    Dex: 13    Spells: 21/24 levels left

rFire   . . .        j - +8 dagger "Gnostic Serendipity" {protect, SInv, Fort, Melee} (curse)
rCold   . . .        (no shield)
rNeg    + . .        a - +0 robe
rPois   .            (no helmet)
rElec   .            (no cloak)
rCorr   .            u - +0 pair of gloves "Dougestri" {rN+ SInv}
SInv    +            (no boots)
Will    .....        (no amulet)
Stlth   ++           g - ring "Gaeshroa" {Int+6 Slay+6}
HPRegen 0.26/turn    (no ring)
MPRegen 0.18/turn

%: no passive effects
@: no status effects
A: no striking features
a: Renounce Religion, Shatter the Chains


You were on level 7 of the Dungeon.
You worshipped Ashenzari.
Ashenzari was noncommittal.
You visited 2 branches of the dungeon, and saw 8 of its levels.

You collected 254 gold pieces.
You spent 102 gold pieces at shops.

Inventory:

Hand Weapons
 j - the cursed +8 dagger "Gnostic Serendipity" (weapon) {protect, SInv, Fort, Melee}
   (You found it on level 2 of the Dungeon)

   SInv:      It lets you see invisible.
   It has a curse which improves the following skills: Fortitude: Armour and
   Shields.
   Melee Combat: Short Blades, Long Blades, Axes, Maces & Flails, Polearms,
   Staves and Unarmed Combat.
Armour
 a - a +0 robe (worn)
 u - the +0 pair of gloves "Dougestri" (worn) {rN+ SInv}
   (You found it on level 5 of the Dungeon)

   rN:        It protects you from negative energy.
   SInv:      It lets you see invisible.
Jewellery
 g - the ring "Gaeshroa" (left hand) {Int+6 Slay+6}
   (You found it on level 4 of the Dungeon)

   [ring of intelligence]

   Int:       It affects your intelligence (+6).
   Slay:      It affects your accuracy & damage with ranged weapons and melee
   (+6).
Wands
 e - a wand of flame (14)
 i - a wand of roots (8)
 l - a wand of digging (4)
 m - a wand of polymorph (9)
Scrolls
 f - a scroll of poison
 h - a scroll of amnesia
 k - 4 scrolls of identify {@r1}
 n - a scroll of magic mapping
 o - 2 scrolls of teleportation
Potions
 b - a potion of magic
 c - a potion of curing
 d - a potion of haste
 p - 2 potions of ambrosia
 q - 2 potions of might
 s - a potion of heal wounds
 w - a potion of lignification


   Skills:
 + Level 5.2(5.6) Short Blades
 - Level 2.4 Dodging
 - Level 2.4 Stealth
 + Level 8.8 Spellcasting
 + Level 8.2 Conjurations


You had 21 spell levels left.
You knew the following spells:

 Your Spells              Type           Power      Damage    Failure   Level
a - Magic Dart            Conj           100%       1d8       1%          1
b - Searing Ray           Conj           100%       2d8       1%          2

Your spell library contained the following spells:

 Spells                   Type           Power      Damage    Failure   Level
 Dazzling Flash           Conj/Hex       80%        N/A       1%          3
 Beastly Appendage        Tmut           28%        N/A       3%          1
 Ensorcelled Hibernation  Hex/Ice        28%        N/A       5%          2
 Wereblood                Tmut           14%        N/A       5%          2
 Fulminant Prism          Conj/Hex       20%        3d12      6%          4
 Iskenderun's Mystic Bla  Conj/Tloc      40%        2d9       6%          4
 Spider Form              Tmut/Pois      14%        N/A       11%         3
 Anguish                  Hex/Necr       7%         N/A       34%         4
 Leda's Liquefaction      Hex/Erth       7%         N/A       34%         4
 Lee's Rapid Deconstruct  Erth           7%         3d6*      67%         5
 Statue Form              Tmut/Erth      9%         N/A       99%         6


Dungeon Overview and Level Annotations

Branches:
Dungeon (7/15) Zot: 26664  Temple (1/1) D:6 Zot: 5861

Altars:
Ashenzari
Cheibriados
Dithmenos
Elyvilon
Fedhas
Gozag
Hepliaklqana
Kikubaaqudgha
Makhleb
Nemelex Xobeh
Okawaru
Qazlal
Ru
Sif Muna
Trog
Uskayaw
Vehumet
Xom
Yredelemnul
Zin
The Shining One

Shops:
D:3 *


Message History

You now have 21/22 mp.
Casting: Magic Dart (safe; 1% risk of failure)
Confirm with . or Enter, or press ? or * to list all spells.
Aiming: Magic Dart (safe; 1% risk of failure)
Press: ? - help, Shift-Dir - straight line, f/p - bullfrog
Aim: a bullfrog (moderately wounded, 100% to hit)
The magic dart hits the bullfrog.
The bullfrog is heavily wounded.
You hear a shout!
You hear an angry buzzing noise.
You now have 20/22 mp.
Casting: Magic Dart (safe; 1% risk of failure)
Confirm with . or Enter, or press ? or * to list all spells.
Aiming: Searing Ray (safe; 1% risk of failure)
Press: ? - help, Shift-Dir - straight line, f/p - bullfrog
Aim: a bullfrog (heavily wounded, 79% to hit)
The searing ray hits the bullfrog!
The bullfrog is severely wounded. (Press . to maintain the ray.)
The bullfrog closely misses you.
You now have 19/22 mp.
The searing ray hits the bullfrog!
You kill the bullfrog!
A centaur warrior comes into view.
You now have 18/22 mp.
Casting: Searing Ray (safe; 1% risk of failure)
Confirm with . or Enter, or press ? or * to list all spells.
Restarting spell: Searing Ray (safe; 1% risk of failure)
Press: ? - help, Shift-Dir - straight line, f - centaur warrior
Aim: a centaur warrior (87% to hit)
The searing ray hits the centaur warrior!
The centaur warrior is moderately wounded. (Press . to maintain the ray.)
The centaur warrior wields a +0 shortbow.
The centaur warrior shoots an arrow.
The arrow hits you!!
Ouch! That really hurt!
You take 28 damage, and have 13/41 hp.
MASSIVE DAMAGE!!
You now have 16/22 mp.
The searing ray hits the centaur warrior.
The centaur warrior is moderately wounded.
The centaur warrior shoots an arrow.
The arrow hits you!
You die...

###)######.#
##.#.# #.# #+#
##....# #)#
##.....##
###.###...
..####.......##
...........
............#
###########
##........##
#.......##
#..#...##
#@###.## #†#
#.# #.# #.# #.#
#.# c.# #.#
...# #.# .♣...
#.# P.♣#.# #.#
P≈ #.#


You could see a centaur warrior.

Vanquished Creatures
  2 water moccasins (D:6)
  A black bear (D:6)
  2 ice beasts
  2 ogres (D:5)
  3 bullfrogs
  2 scorpions
  2 sleepcaps
  2 iguanas
  4 orc wizards
  6 gnolls
  10 adders
  3 ufetubi
  A worm (D:2)
  A dart slug (D:3)
  16 orcs
  8 ball pythons
  2 bats (D:1)
  9 endoplasms
  2 goblins
  4 hobgoblins
  2 jackals (D:1)
  4 kobolds
  4 quokkas
  5 frilled lizards (D:1)
  4 rats (D:1)
101 creatures vanquished.

Vanquished Creatures (others)
  An orc wizard (D:7)
1 creature vanquished.

Grand Total: 102 creatures vanquished

Notes
Turn   | Place    | Note
-------+----------+-------------------------------------------
     0 | D:1      | Psyclone the Deep Elf Conjurer began the quest for the Orb.
     0 | D:1      | Reached XP level 1. HP: 10/10 MP: 6/6
   177 | D:1      | Found a faded altar of an unknown god.
   263 | D:1      | Reached XP level 2. HP: 15/15 MP: 4/8
  1098 | D:2      | Reached skill level 5 in Conjurations
  1098 | D:2      | Reached XP level 3. HP: 19/19 MP: 7/10
  1288 | D:2      | Learned a level 2 spell: Searing Ray
  1367 | D:2      | Reached XP level 4. HP: 24/24 MP: 3/12
  1691 | D:2      | Reached skill level 5 in Spellcasting
  1731 | D:2      | Identified the +8 dagger of Hutsa {protect, SInv}
  1915 | D:3      | Found Vubyafit's Assorted Antiques.
  2457 | D:3      | Found a sacrificial altar of Ru.
  2457 | D:3      | Found a glowing silver altar of Zin.
  2457 | D:3      | Found a blossoming altar of Fedhas.
  2588 | D:3      | Bought a scroll labelled BOMPAO ETATT for 27 gold pieces
  2588 | D:3      | Bought a scroll labelled SERRUF MAKLOKH for 27 gold pieces
  2851 | D:3      | Bought a pink potion for 24 gold pieces
  3372 | D:4      | Reached skill level 1 in Short Blades
  3372 | D:4      | Reached XP level 5. HP: 15/28 MP: 6/14
  3450 | D:4      | Identified the ring "Gaeshroa" {Int+6 Slay+6}
  3635 | D:4      | Found a white marble altar of Elyvilon.
  3656 | D:4      | Found a stormy altar of Qazlal.
  4290 | D:3      | Bought a viscous grey potion for 24 gold pieces
  4334 | D:5      | Entered Level 5 of the Dungeon
  4350 | D:5      | Noticed an ogre
  4356 | D:5      | Killed an ogre
  4357 | D:5      | Reached XP level 6. HP: 32/32 MP: 3/17
  4573 | D:5      | Identified the +0 pair of gloves "Dougestri" {rN+ SInv}
  4722 | D:5      | Noticed an ice beast
  4728 | D:5      | Killed an ice beast
  4729 | D:5      | Reached XP level 7. HP: 36/36 MP: 11/19
  6026 | D:6      | Found a staircase to the Ecumenical Temple.
  6038 | Temple   | Entered the Ecumenical Temple
  6046 | Temple   | Became a worshipper of Ashenzari the Shackled
  6396 | D:6      | Reached XP level 8. HP: 41/41 MP: 16/21
  6766 | D:6      | Found a burning altar of Makhleb.
  6858 | D:6      | Found a radiant altar of Vehumet.
  7017 | D:7      | Reached skill level 5 in Short Blades
  7258 | D:7      | Noticed a centaur warrior
  7260 | D:7      | Shot with an arrow by a centaur warrior

Illustrated notes

Levels and vault maps discovered:
D:1:      dpeg_arrival_ternary, layout_basic,
          hellmonk_ecumenical_altar_crossroads
D:2:      layout_basic
D:3:      layout_basic, gammafunk_temple_overflow_claw, serial_shops,
          nicolae_shop_stone
D:4:      layout_gridville, mainiacjoe_overflow_swirl, minmay_misc_feat_x
D:5:      layout_cave_pools, st_stairs_13
D:6:      layout_cave_pools, old_standard_altar, mainiacjoe_overflow_alcove_2,
          temple_fountains
D:7:      nzn_winding_woodlands_small [nzn_winding_woodlands_5x15_sidewinder,
          nzn_winding_woodlands_center_triple_pond,
          nzn_winding_woodlands_5x15_pathside_ponds], layout_loops_corners,
          ebering_ghost_reflecting_pool, nicolae_elevator_lobby_asterisk
Temple:   nicolae_temple_two_arcs

Skill      XL: |  1  2  3  4  5  6  7  8 |
---------------+-------------------------+-----
Spellcasting   | 4 5 6 7 8 |  8.8
Conjurations   | 5 6 7 8 |  8.2
Short Blades   | 1 2 3 4 5 |  5.2
Dodging        | |  2.4
Stealth        | |  2.4

Action                     |  1- 3 |  4- 6 |  7- 9 || total
---------------------------+-------+-------+-------++-------
  Melee: Dagger            |       |    21 |    11 ||    32
   Cast: Magic Dart        |    62 |    78 |    47 ||   187
         Searing Ray       |       |     6 |    15 ||    21
 Invoke: Curse Item        |       |       |     1 ||     1
    Use: Potion            |       |     5 |     2 ||     7
         Scroll            |       |     2 |     8 ||    10
   Stab: Sleeping          |       |     1 |       ||     1
 Armour: Robe              |       |     4 |     5 ||     9
  Dodge: Dodged            |     8 |    14 |    17 ||    39
